 Dungeon Crawl Stone Soup version 0.26-a0-695-g987792ac36 (webtiles) character file.

Game seed: 11396177198633495770

1124 marklar909 the Cleaver (level 8, 0/70 HPs)
             Began as a Hill Orc Monk on Oct 26, 2020.
             Slain by an ogre
             ... wielding a +0 giant spiked club
              (18 damage)
             ... on level 6 of the Dungeon.
             The game lasted 00:08:21 (7204 turns).

marklar909 the Cleaver (Hill Orc Monk)              Turns: 7204, Time: 00:08:22

Health: 0/70       AC:  8    Str: 16    XL:     8   Next: 35%
Magic:  8/8        EV: 11    Int: 10    God:
Gold:   259        SH:  0    Dex: 13    Spells: 7/7 levels left

rFire    . . .     SeeInvis .   o - +0 war axe
rCold    . . .     Faith    .   (no shield)
rNeg     . . .     Spirit   .   n - +0 scale mail
rPois    .         Reflect  .   (no helmet)
rElec    .         Harm     .   (no cloak)
rCorr    .         Rampage  .   (no gloves)
MR       .....                  p - +0 pair of boots
Stlth    +.........             (no amulet)
HPRegen  0.21/turn              (no ring)
MPRegen  0.11/turn              (no ring)

@: no status effects
A: no striking features
a: no special abilities


You were on level 6 of the Dungeon.
You visited 1 branch of the dungeon, and saw 8 of its levels.

You collected 259 gold pieces.

Inventory:

Hand Weapons
 o - a +0 war axe (weapon)
Armour
 n - a +0 scale mail (worn)
 p - a +0 pair of boots (worn)
Jewellery
 q - an uncursed ring of protection from magic {unknown}
 r - an uncursed amulet of the acrobat {unknown}
 s - an uncursed ring of protection from fire {unknown}
 y - an uncursed ring of magical power {unknown}
Wands
 i - a wand of polymorph (6)
Scrolls
 a - 4 scrolls of enchant weapon {unknown}
 b - 5 scrolls of remove curse {unknown}
 c - a scroll of fog {unknown}
 d - a scroll of enchant armour {unknown}
 f - 2 scrolls of blinking {unknown}
 g - 5 scrolls of identify {unknown}
 h - a scroll of immolation {unknown}
 l - 3 scrolls of teleportation {unknown}
 t - 4 scrolls of noise {unknown}
Potions
 e - 3 potions of heal wounds {unknown}
 j - 3 potions of resistance {unknown}
 k - a potion of cancellation {unknown}
 m - 6 potions of curing
 u - a potion of brilliance {unknown}
 v - a potion of lignification {unknown}
 w - 4 potions of haste {unknown}
 x - a potion of invisibility {unknown}
 z - a potion of mutation {unknown}


   Skills:
 + Level 5.8 Fighting
 + Level 9.4 Axes
 + Level 4.8 Armour
 + Level 3.5 Dodging
 + Level 2.3 Stealth


You had 7 spell levels left.
You didn't know any spells.
Your spell library contained the following spells:

 Spells                   Type           Power        Failure   Level
 Corona                   Hex            #......      77%         1
 Slow                     Hex            #.......     88%         2
 Inner Flame              Hex/Fire       #.......     98%         3
 Portal Projectile        Hex/Tloc       #.....       98%         3
 Cause Fear               Hex            #.........   100%        4
 Leda's Liquefaction      Hex/Erth       #.........   100%        4


Dungeon Overview and Level Annotations

Branches:
Dungeon (8/15)
 Temple: D:4-7         Lair: D:8-11

Altars:
Dithmenos

Annotations:
D:3 3 runed translucent doors, lunkers's ghost, amateur DrTm


Message History

The quasit claws you but does no damage.
The quasit closely misses you.
You slash the quasit!
You kill the quasit!
Unknown command.
There is a stone staircase leading up here.
You climb upwards.
The ogre hits you with a +0 giant club.
* * * LOW HITPOINT WARNING * * *
There is a stone staircase leading down here.
Unknown command.
The ogre closely misses you.
There is a stone staircase leading up here.
You climb upwards.
The ogre hits you with a +0 giant spiked club!
* * * LOW HITPOINT WARNING * * *
There is a stone staircase leading down here.
Unknown command.
There is an open door here.
The ogre hits you with a +0 giant spiked club!!
You die...

...#####.........
.# #..#.......#####
... #..#.#####.#
#.##..#.#.###.####
.....#.#........#
..##...#.#.#....#.#
.......#.# #....#.#
#..O.#.#......###
#..#@..#........# '
#..#####.....##.# .
#.............#.#
#.#.##########..#.#
#.#.# #..#.#
#.#'##### ######.#
#.......# #....#.#
##......# #.##.#.#
#.>....####.##...#


You could see an ogre.

Vanquished Creatures
  A phantom (D:4)
  A black bear (D:6)
  A necrophage (D:6)
  2 ogres
  2 bullfrogs (D:7)
  A killer bee (D:7)
  A howler monkey (D:5)
  2 jellies
  A quasit (D:8)
  An orc priest (D:6)
  An orc wizard (D:7)
  4 worker ants
  A hound skeleton (D:3)
  A howler monkey zombie (D:5)
  5 adders
  A shadow imp (D:5)
  A white imp (D:5)
  An ufetubus (D:5)
  2 oozes
  2 worms (D:3)
  A dart slug (D:1)
  7 leopard geckos
  21 orcs
  11 bats
  7 giant cockroaches
  9 goblins
  6 hobgoblins
  11 jackals
  A quokka (D:5)
  9 frilled lizards
  3 kobolds
  A quokka skeleton (D:4)
  4 rats
123 creatures vanquished.

Vanquished Creatures (others)
  17 fungi (D:8)
  21 plants
38 creatures vanquished.

Grand Total: 161 creatures vanquished

Notes
Turn   | Place    | Note
-------+----------+-------------------------------------------
     0 | D:1      | marklar909 the Hill Orc Monk began the quest for the Orb.
     0 | D:1      | Reached XP level 1. HP: 19/19 MP: 1/1
   370 | D:1      | Reached XP level 2. HP: 16/27 MP: 2/2
  1045 | D:2      | Reached XP level 3. HP: 22/33 MP: 3/3
  1589 | D:2      | Reached XP level 4. HP: 37/40 MP: 4/4
  1953 | D:3      | Found a shadowy altar of Dithmenos.
  1974 | D:3      | Reached skill level 5 in Axes
  2081 | D:3      | Reached skill level 1 in Armour
  2480 | D:3      | Found a glowing drain.
  2508 | D:3      | Reached XP level 5. HP: 32/46 MP: 5/5
  2643 | D:3      | Found a runed translucent gate.
  2643 | D:3      | Found a runed translucent gate.
  2644 | D:3      | Found a runed translucent gate.
  2648 | D:3      | Noticed lunkers's ghost (amateur DrTm)
  3075 | D:4      | Noticed an ogre
  3081 | D:4      | Killed an ogre
  3081 | D:4      | Reached skill level 6 in Axes
  3108 | D:4      | Reached XP level 6. HP: 26/53 MP: 6/6
  4143 | D:5      | Entered Level 5 of the Dungeon
  4359 | D:5      | Noticed a phantom
  4819 | D:4      | Killed a phantom
  4819 | D:4      | Reached skill level 7 in Axes
  5015 | D:5      | Reached XP level 7. HP: 36/60 MP: 7/7
  6313 | D:6      | Reached skill level 5 in Fighting
  6313 | D:6      | Reached skill level 8 in Axes
  7007 | D:7      | Reached XP level 8. HP: 52/68 MP: 8/8
  7113 | D:7      | Reached skill level 9 in Axes
  7204 | D:6      | Slain by an ogre

Illustrated notes

Levels and vault maps discovered:
D:1:      lemuel_arrival_lava_pool, layout_basic
D:2:      layout_rooms, minmay_statues_item, serial_bayou_lagoon_b
D:3:      layout_basic, overflow_temple_1_default, cheibrodos_sewer_entry_drain,
          gammafunk_ghost_split
D:4:      layout_loops_corners, minmay_quantized
D:5:      layout_rooms
D:6:      layout_basic, minmay_temple_entry_waves, hangedman_decor_slide_cut
D:7:      minmay_the_grid_octo_tiled_octocenter [minmay_the_grid_octo_shrine,
          minmay_the_grid_octo_tetromino_candy,
          minmay_the_grid_octo_vomiting_pacman, minmay_the_grid_octo_clover,
          minmay_the_grid_octo_prize_star,
          minmay_the_grid_square_5x5_almost_minimal,
          minmay_the_grid_square_5x5_bracketed,
          minmay_the_grid_square_5x5_n_small,
          minmay_the_grid_square_5x5_inner_z], layout_basic,
          lemuel_blue_sif_altar, uniq_menkaure, uniq_harold
D:8:      layout_rooms, due_lair_maze_entry_diamond, serial_shops,
          nicolae_shop_overgrown_old_shop, enter_ossuary_2, enter_bailey_3,
          uniq_psyche

Skill      XL: |  1  2  3  4  5  6  7  8 |
---------------+-------------------------+-----
Fighting       | 4 5 |  5.8
Stealth        | 2 |  2.3
Axes           | 5 6 7 8 9 |  9.4
Armour         | 1 2 3 4 |  4.8
Dodging        | 3 |  3.5

Action                   |  1- 3 |  4- 6 |  7- 9 || total
-------------------------+-------+-------+-------++-------
Melee: Hand axe          |   130 |    27 |       ||   157
       War axe           |       |   170 |   135 ||   305
  Use: Potion            |       |       |     1 ||     1
 Stab: Sleeping          |     3 |       |       ||     3
Armor: Robe              |     6 |       |       ||     6
       Ring mail         |    45 |       |       ||    45
       Scale mail        |       |    80 |    79 ||   159
Dodge: Dodged            |    95 |   112 |    94 ||   301

Table legend: (Time is in decaauts)
 A = Elapsed time spent in this place.
 B = Non-inter-level travel time spent in this place.
 C = Inter-level travel time spent in this place.
 D = Time resting spent in this place.
 E = Time spent auto-exploring this place.
 F = Levels seen in this place.
 G = Mean time per level.
                   A        B        C        D        E       F      G
               +--------+--------+--------+--------+--------+-----+--------+
         Total |   7287 |   6985 |    302 |   1820 |   3938 |   8 |  910.9 |
       Dungeon |   7287 |   6985 |    302 |   1820 |   3938 |   8 |  910.9 |
               +--------+--------+--------+--------+--------+-----+--------+

Top non-repeatable levels by time:
     D:4: 1874 daAuts
     D:5: 1538 daAuts
     D:3: 1163 daAuts
     D:2: 1037 daAuts
     D:1: 933 daAuts
     D:6: 401 daAuts
     D:7: 307 daAuts
     D:8: 30 daAuts
